 Dungeon Crawl Stone Soup version 0.26-a0-812-g31a745ddcd (webtiles) character file.

Game seed: 16087487503027340976

40 night the Stinger (level 3, -3/15 HPs)
             Began as a Felid Venom Mage on Nov 25, 2020.
             Shot with an arrow by a centaur (4 damage)
             ... on level 2 of the Dungeon.
             The game lasted 00:03:34 (1523 turns).

night the Stinger (Felid Venom Mage)                Turns: 1523, Time: 00:03:35

Health: -3/15      AC:  1    Str:  4    XL:     3   Next: 30%
Magic:  3/7        EV: 18    Int: 17    God:
Gold:   111        SH:  0    Dex: 16    Spells: 3/6 levels left
                                        Lives:  0   Deaths: 0

rFire    . . .     SeeInvis +   (weapon unavailable)
rCold    . . .     Faith    .   (shield unavailable)
rNeg     . . .     Spirit   .   (armour unavailable)
rPois    .         Reflect  .   (helmet unavailable)
rElec    .         Harm     .   (cloak unavailable)
rCorr    .         Rampage  .   (gloves unavailable)
MR       .....                  (boots unavailable)
Stlth    +++.......             (no amulet)
HPRegen  0.05/turn              (no ring)
MPRegen  0.10/turn              (no ring)

@: quick
A: very small, no armour, no weapons or thrown items, stealth, claws 1, fangs 3,
see invisible, speed 1, shaggy fur 1, sharp paws
a: no special abilities


You were on level 2 of the Dungeon.
You visited 1 branch of the dungeon, and saw 2 of its levels.

You collected 111 gold pieces.

Inventory:

Jewellery
 a - a cursed -4 ring of evasion {unknown}
 c - an uncursed ring of protection from cold {unknown}
Scrolls
 b - 2 scrolls of identify {unknown}
 d - 2 scrolls of remove curse {unknown}
 f - a scroll of fog {unknown}
Potions
 e - a potion of heal wounds {unknown}


   Skills:
 + Level 0.7 Fighting
 - Level 2.6 Dodging
 - Level 2.6 Stealth
 + Level 2.4 Spellcasting
 - Level 1.6 Transmutations
 * Level 3.4 Poison Magic


You had 3 spell levels left.
You knew the following spells:

 Your Spells              Type           Power        Failure   Level
a - Sting                 Tmut/Pois      ##..         7%          1
b - Poisonous Vapours     Pois/Air       #.....       14%         2

Your spell library contained the following spells:

 Spells                   Type           Power        Failure   Level
 Ignite Poison            Fire/Tmut/Pois #.......     28%         3
 Mephitic Cloud           Conj/Pois/Air  #.......     34%         3
 Olgreb's Toxic Radiance  Pois           ##......     41%         4


Dungeon Overview and Level Annotations

Branches:
Dungeon (2/15)

Altars:


Innate Abilities, Weirdness & Mutations

You cannot wear armour.
You are incapable of wielding weapons or throwing items.
Your paws allow you to move quietly. (Stealth)
You have sharp claws.
You have razor-sharp teeth.
You have supernaturally acute eyesight. (SInv)
You cover ground quickly.
You are covered in fur. (AC +1)
Your sharp claws are effective at attacking unaware monsters.


Message History

Casting: Poisonous Vapours (safe; 14% risk of failure)
Confirm with . or Enter, or press ? or * to list all spells.
Aiming: Sting (safe; 7% risk of failure)
Press: ? - help, Shift-Dir - straight line, f/p - centaur
Aim: a centaur, quivering 20 arrows (lightly wounded, poisoned)
The sting hits the centaur.
The centaur looks even sicker.
The centaur is moderately wounded.
The centaur hits you. The centaur misses you.
Casting: Sting (safe; 7% risk of failure)
Confirm with . or Enter, or press ? or * to list all spells.
Aiming: Sting (safe; 7% risk of failure)
Press: ? - help, Shift-Dir - straight line, f/p - centaur
Aim: a centaur, quivering 20 arrows (moderately wounded, very poisoned)
The sting hits the centaur.
The centaur looks even sicker.
The centaur is moderately wounded.
The centaur hits you.
* * * LOW HITPOINT WARNING * * *
The centaur wields a +0 shortbow.
The centaur shoots an arrow.
The arrow hits you.
You die...

### ..# #.# ### #.#
####
##.###.#########...
#................(.
#.###.###.######.##.##
#.........# ##...#...
#####@##### #..(..###
#.# ##...## #.c.#
##.## #.### #.# #. #.#
# ##'## ##.(.##
##..(..## ##.......##


You could see a centaur (very poisoned).

Vanquished Creatures
  2 dart slugs (D:1)
  A leopard gecko (D:1)
  5 bats
  4 giant cockroaches
  6 hobgoblins
  2 frilled lizards (D:1)
  5 goblins
  6 kobolds
  2 rats
33 creatures vanquished.

Vanquished Creatures (others)
  6 fungi (D:2)
  4 plants (D:2)
10 creatures vanquished.

Grand Total: 43 creatures vanquished

Notes
Turn   | Place    | Note
-------+----------+-------------------------------------------
     0 | D:1      | night the Felid Venom Mage began the quest for the Orb.
     0 | D:1      | Reached XP level 1. HP: 7/7 MP: 4/4
   221 | D:1      | Reached skill level 3 in Poison Magic
   226 | D:1      | Reached XP level 2. HP: 11/11 MP: 4/6
   287 | D:1      | Learned a level 2 spell: Poisonous Vapours
   931 | D:1      | Reached XP level 3. HP: 15/15 MP: 4/7
  1515 | D:2      | Noticed a centaur
  1522 | D:2      | HP: 1/15 [centaur (6)]
  1523 | D:2      | Shot with an arrow by a centaur

Illustrated notes

Levels and vault maps discovered:
D:1:      heliophobic_arrival_enchanted_forest, layout_loops_corners,
          kennysheep_small_spiral
D:2:      layout_loops_corners, fedhas_altar_3

Skill      XL: |  1 |
---------------+----+-----
Poison Magic   | 3 |  3.4
Fighting       | |  0.7
Dodging        | |  2.6
Stealth        | |  2.6
Spellcasting   | |  2.4
Transmutations | |  1.6

Action                   || total
-------------------------++-------
Melee: Unarmed           ||    22
       Bite              ||     1
 Cast: Sting             ||    27
       Poisonous Vapours ||    15
 Stab: Sleeping          ||     1
Armor: Skin              ||     1
Dodge: Dodged            ||    21

Table legend: (Time is in decaauts)
 A = Elapsed time spent in this place.
 B = Non-inter-level travel time spent in this place.
 C = Inter-level travel time spent in this place.
 D = Time resting spent in this place.
 E = Time spent auto-exploring this place.
 F = Levels seen in this place.
 G = Mean time per level.
                   A        B        C        D        E       F      G
               +--------+--------+--------+--------+--------+-----+--------+
         Total |   1338 |   1329 |      9 |    278 |    869 |   2 |  669.0 |
       Dungeon |   1338 |   1329 |      9 |    278 |    869 |   2 |  669.0 |
               +--------+--------+--------+--------+--------+-----+--------+

Top non-repeatable levels by time:
     D:1: 986 daAuts
     D:2: 352 daAuts
